Map: 2000 Atmospheres LE

Players

HeroMarine - Winner!

  • Race: Terran Terran
  • League: Master

Lambo

  • Race: Zerg Zerg
  • League: Grandmaster

Event: DreamHack SC2 Masters 2021 Summer

VOD

Have the link to the VOD?

Description

Time

  • Played on: June 5, 2021, 2:26 p.m.
  • Length: 16:08

All games in this series

Show
View Real Time Build Order
Export as new Build Order

HeroMarine Terran - Winner!

Build Orders: Hellion Opening, Reaper Expand 

Get SALT Encoding   

  12  0:00  SCV  
  13  0:12  SCV  
  14  0:16  Supply Depot  
  14  0:24  SCV  
  15  0:38  SCV  
  15  0:39  Barracks  
  16  0:43  Refinery  
  16  0:50  SCV  
  17  1:02  SCV  
  18  1:14  SCV  
  19  1:26  Orbital Command, Reaper  
  20  1:39  Command Center  
  20  1:47  Supply Depot  
  20  1:52  SCV  
  21  1:58  Marine  
  22  2:04  SCV  
  22  2:07  Factory  
  23  2:16  SCV  
  23  2:20  Barracks Reactor  
  24  2:28  SCV  
  25  2:40  SCV  
  25  2:41  Command Center  
  26  2:51  Orbital Command  
  26  2:52  SCV  
  27  2:59  Starport  
  27  3:04  SCV  
  28  3:06  Refinery  
  28  3:09  Hellion  
  30  3:13  Hellion  
  30  3:17  SCV  
  30  3:18  SCV  
  30  3:19  Barracks Tech Lab  
  34  3:29  SCV  
  34  3:30  Hellion, SCV  
  38  3:35  Hellion  
  40  3:41  SCV  
  40  3:42  SCV  
  40  3:44  Marine  
  43  3:52  Hellion  
  43  3:53  Orbital Command  
  43  3:55  Raven  
  45  3:56  Hellion  
  45  3:57  SCV  
  45  3:58  SCV  
  51  4:03  Barracks Tech Lab  
  51  4:09  SCV  
  52  4:10  SCV  
  52  4:12  Supply Depot  
  52  4:15  Hellion  
  55  4:17  Hellion  
  55  4:21  Orbital Command, SCV  
  55  4:22  SCV  
  55  4:23  Stimpack, Marine  
  60  4:33  SCV  
  60  4:34  Supply Depot, SCV  
  62  4:40  Barracks  
  62  4:41  Marine  
  62  4:44  Barracks  
  64  4:45  Factory Reactor, SCV  
  64  4:46  Starport Reactor, SCV  
  64  4:48  Supply Depot, SCV  
  66  4:55  Refinery  
  66  4:56  Refinery  
  66  4:57  SCV  
  66  4:58  SCV  
  66  4:59  Marine  
  69  5:00  SCV  
  70  5:09  SCV  
  70  5:10  SCV  
  70  5:11  Engineering Bay x2, Supply Depot  
  70  5:13  Supply Depot  
  72  5:14  SCV  
  72  5:17  Marine  
  74  5:22  SCV  
  74  5:23  SCV  
  74  5:26  SCV  
  77  5:31  Barracks  
  77  5:32  Marine  
  77  5:33  Marine  
  77  5:34  SCV  
  77  5:35  Barracks, Factory Reactor, Marine, SCV  
  82  5:37  Terran Infantry Weapons Level 1  
  82  5:38  Terran Infantry Armor Level 1  
  82  5:39  SCV  
  83  5:46  Marine x2, SCV  
  83  5:47  SCV  
  83  5:48  Medivac  
  89  5:50  Marine x2  
  89  5:51  Medivac, Supply Depot  
  89  5:54  SCV  
  89  5:55  Supply Depot  
  94  5:57  Marine  
  94  5:58  SCV  
  94  5:59  SCV  
  94  6:04  Marine x2  
  98  6:06  SCV  
  98  6:08  Marine  
  101  6:12  SCV x2, Supply Depot x2, Marine  
  101  6:18  SCV, Supply Depot, Marine  
  106  6:19  Armory  
  106  6:20  Combat Shield  
  106  6:21  Barracks Reactor  
  106  6:22  Widow Mine x2  
  106  6:23  Medivac  
  112  6:29  SCV x2  
  112  6:30  SCV  
  112  6:31  Refinery, Marine x2  
  117  6:33  Barracks Reactor, Marine x2  
  117  6:36  Marine  
  119  6:47  SCV x2  
  119  6:49  Marine x2, SCV  
  119  6:51  Marine x2  
  119  6:54  Marine  
  125  6:57  Marine x2  
  125  7:00  Widow Mine x2  
  129  7:07  Medivac x2, Factory, Marine x2  
  135  7:09  Marine x2  
  135  7:11  Marine  
  135  7:15  Marine x2  
  139  7:16  Marine  
  139  7:20  Command Center  
  141  7:27  Terran Vehicle And Ship Armor Level 1, Supply Depot  
  141  7:28  Supply Depot  
  141  7:29  Supply Depot  
  141  7:30  Supply Depot  
  141  7:33  Widow Mine x2, Marine x4  
  149  7:39  Marine x3  
  149  7:41  Marine  
  149  7:47  Terran Infantry Weapons Level 2  
  149  7:48  Medivac x2, Marine  
  149  7:50  Marine x2  
  149  7:51  SCV x2  
  154  7:55  Widow Mine x2  
  154  7:57  Terran Infantry Armor Level 2  
  155  7:58  Marine x3  
  155  8:00  Marine  
  155  8:01  Marine  
  155  8:05  Factory Tech Lab  
  160  8:08  Marine  
  160  8:10  Marine x2  
  160  8:11  Marine  
  164  8:16  Widow Mine x2, Marine x3  
  164  8:18  Medivac  
  173  8:22  Marine x2  
  173  8:24  Drilling Claws  
  164  8:32  Medivac, Widow Mine  
  164  8:33  Marine x2  
  160  8:34  Marine  
  160  8:35  Marine x4  
  160  8:37  Widow Mine x2  
  160  8:38  SCV x3  
  160  8:39  Marine  
  160  8:40  Marine  
  171  8:48  Medivac  
  171  8:51  Marine x2  
  171  8:52  Marine x2  
  171  8:53  Widow Mine, Marine x3, SCV x3  
  160  8:57  Marine x2  
  160  8:59  Widow Mine  
  160  9:02  Medivac  
  159  9:09  Widow Mine, Marine x2  
  147  9:10  Marine x3  
  147  9:11  Marine  
  147  9:13  Marine  
  147  9:15  Marine x2  
  147  9:16  Widow Mine  
  138  9:18  Medivac  
  138  9:20  Widow Mine  
  128  9:26  Marine x2  
  128  9:27  Orbital Command  
  128  9:28  Marine x4  
  128  9:30  Widow Mine, Marine  
  130  9:32  Medivac  
  130  9:33  Marine x2  
  116  9:44  Marine x2  
  113  9:46  Marine x4  
  113  9:48  Medivac  
  113  9:51  Marine x3  
  122  9:54  Widow Mine  
  122  9:57  Widow Mine  
  126  10:00  Planetary Fortress  
  126  10:01  SCV x2  
  126  10:02  Marine, SCV  
  126  10:04  Marine  
  129  10:10  Orbital Command, Marine x2  
  129  10:11  Marine x2  
  129  10:12  Marine x2  
  129  10:13  SCV x2  
  137  10:14  SCV  
  138  10:23  Widow Mine x2, Marine x2  
  138  10:25  Marine, SCV x2  
  138  10:27  Marine  
  148  10:30  Marine x2  
  149  10:36  Medivac x2  
  149  10:37  Marine, SCV  
  149  10:38  SCV  
  156  10:45  Widow Mine x2  
  156  10:49  SCV  
  144  10:50  SCV  
  144  10:53  Marine x2  
  144  10:54  Marine x2  
  147  10:59  Marine  
  147  11:00  Marine x3  
  147  11:02  SCV  
  147  11:03  Marine  
  140  11:06  Medivac x2, Widow Mine x2  
  140  11:11  Marine x2  
  143  11:12  Marine x2  
  146  11:23  Marine  
  141  11:26  Marine x2  
  141  11:30  Supply Depot  
  141  11:31  Supply Depot  
  141  11:40  Marine x4  
  141  11:41  Widow Mine x2, Marine x3  
  141  11:44  Marine  
  141  11:47  Marine  
  141  11:48  Supply Depot  
  141  11:49  Supply Depot x2  
  141  11:51  Liberator x2  
  145  11:58  Marine x5  
  145  11:59  Marine x2  
  152  12:01  SCV  
  152  12:02  Widow Mine, Marine, SCV  
  157  12:08  Marine  
  157  12:09  SCV  
  157  12:13  Widow Mine  
  157  12:16  Marine x6  
  157  12:17  Marine  
  157  12:18  Refinery  
  165  12:23  Widow Mine  
  165  12:26  Marine  
  168  12:33  Marine  
  168  12:34  Medivac, Widow Mine, Marauder, Marine, Liberator  
  178  12:42  Marine x2  
  178  12:43  Marine x3  
  158  12:44  Marine  
  158  12:48  Widow Mine  
  152  12:51  Marine x2  
  152  12:55  Widow Mine, Marine  
  151  13:00  Marine x4  
  151  13:01  Marine  
  151  13:02  Marine  
  151  13:04  Medivac  
  142  13:09  Widow Mine, Marine  
  141  13:13  Marine  
  141  13:18  Marine x5  
  121  13:20  Marine  
  121  13:22  Marine  
  118  13:31  Marauder  
  117  13:36  Marine x3  
  117  13:37  Marine  
  117  13:38  Marine x2  
  117  13:39  Marine  
  124  13:52  Marine  
  124  13:53  Marine  
  124  13:54  Widow Mine, Marine x3  
  131  13:56  Marine x2  
  131  14:02  Marine  
  128  14:10  Marine  
  128  14:11  Marine x2  
  128  14:12  Marine x2  
  128  14:14  Marine x2  
  128  14:15  Widow Mine  
  128  14:20  Marine  
  126  14:28  Marine  
  126  14:29  Marine x3  
  126  14:30  Marine  
  130  14:32  Marine x2  
  130  14:37  Widow Mine  
  130  14:38  Marine  
  127  14:46  Marine  
  127  14:47  Marine x3  
  127  14:48  Marine  
  127  14:49  Marine  
  127  14:50  Marine  
  127  14:52  Refinery  
  134  14:56  Marine  
  129  15:03  Marine  
  129  15:05  Marine x3  
  129  15:06  Widow Mine, Marine  
  136  15:07  Marine  
  136  15:08  Marine  
  136  15:14  Marine  
  133  15:21  Marine  
  133  15:23  Marine x4  
  133  15:25  Marine x2  
  121  15:31  Marine  
  104  15:39  Marine  
  104  15:40  Marine  
  104  15:41  Marine x3  
  109  15:43  Marine x2  
  109  15:49  Marine  
Show
View Real Time Build Order
Export as new Build Order

Lambo Zerg 

Build Orders: Hatch First 

Get SALT Encoding   

  12  0:00  Drone  
  13  0:12  Overlord  
  13  0:16  Drone  
  14  0:30  Drone x2  
  16  0:46  Hatchery  
  15  0:51  Drone  
  15  0:55  Drone  
  17  0:58  Drone  
  18  1:09  Extractor  
  17  1:12  Spawning Pool  
  17  1:15  Drone  
  18  1:18  Drone  
  18  1:28  Drone  
  19  1:38  Drone  
  20  1:48  Drone  
  21  1:59  Zergling x4, Queen x2  
  27  2:09  Drone  
  27  2:10  Overlord  
  28  2:20  Hatchery  
  28  2:22  Drone  
  28  2:30  Drone x2  
  28  2:32  Drone  
  30  2:39  Queen  
  32  2:45  Overlord  
  32  2:48  Drone  
  32  2:51  Metabolic Boost  
  33  2:52  Drone  
  33  2:56  Drone  
  35  3:07  Queen  
  35  3:08  Drone x2  
  42  3:12  Drone x3  
  42  3:21  Overlord  
  42  3:23  Drone  
  43  3:29  Overlord  
  43  3:31  Queen  
  43  3:33  Drone x2  
  47  3:39  Queen  
  47  3:41  Drone  
  50  3:46  Drone x2  
  52  3:49  Drone  
  52  3:52  Drone x6  
  52  3:54  Drone  
  60  4:01  Drone  
  61  4:03  Drone  
  61  4:06  Overlord  
  61  4:07  Queen  
  64  4:12  Drone  
  64  4:13  Lair  
  64  4:15  Extractor, Drone  
  65  4:20  Overlord  
  65  4:21  Overlord  
  65  4:30  Baneling Nest  
  65  4:31  Drone  
  65  4:34  Hatchery, Drone  
  65  4:36  Overlord  
  65  4:39  Drone x5  
  65  4:42  Drone x2  
  65  4:45  Drone x3  
  74  4:46  Drone  
  74  4:51  Drone x2  
  74  4:52  Drone x3  
  81  4:55  Drone x3  
  84  5:01  Evolution Chamber  
  84  5:02  Zergling x2  
  84  5:03  Extractor, Evolution Chamber  
  84  5:05  Extractor  
  81  5:08  Zergling x4  
  81  5:09  Zergling x2  
  81  5:13  Centrifical Hooks  
  84  5:18  Zergling x8  
  88  5:23  Zergling x2  
  88  5:27  Overlord  
  89  5:28  Overlord  
  89  5:30  Zerg Ground Armor Level 1  
  89  5:34  Overlord  
  89  5:35  Overlord  
  89  5:37  Zerg Melee Weapons Level 1  
  89  5:39  Overlord  
  89  5:40  Zergling x2, Hatchery  
  89  5:42  Overlord  
  89  5:45  Queen, Overlord  
  91  5:51  Drone x7  
  91  5:53  Drone  
  91  5:55  Zergling x4  
  101  5:57  Zergling x2  
  101  5:58  Zergling x4  
  101  6:00  Baneling x3  
  101  6:03  Zergling x2  
  105  6:05  Zergling x2  
  105  6:08  Zergling x10  
  111  6:11  Queen  
  111  6:14  Spore Crawler, Drone  
  111  6:15  Spore Crawler, Drone  
  113  6:20  Baneling x4  
  113  6:21  Zergling x6, Baneling x3  
  113  6:25  Drone  
  117  6:29  Zergling x8  
  121  6:33  Zergling x14  
  121  6:36  Overseer  
  121  6:38  Zergling x8  
  132  6:42  Zergling x2  
  132  6:46  Zergling x4  
  135  6:50  Overlord  
  135  6:51  Overlord  
  135  6:52  Overlord  
  134  6:54  Overlord  
  134  6:56  Overlord  
  132  7:02  Overlord  
  132  7:04  Drone x7  
  139  7:08  Zergling x14  
  139  7:10  Zergling x2, Baneling x3  
  139  7:11  Hatchery  
  139  7:12  Baneling x3  
  139  7:15  Zergling x6  
  149  7:20  Spore Crawler, Spine Crawler  
  147  7:23  Infestation Pit  
  147  7:25  Zergling x2  
  147  7:26  Zergling x8  
  147  7:28  Baneling x5  
  151  7:30  Zergling x10  
  151  7:33  Zergling x2  
  151  7:34  Zergling x6  
  151  7:36  Zergling x6  
  163  7:41  Zergling x4  
  163  7:42  Zergling x6  
  154  7:46  Zergling x6  
  154  7:54  Zergling x4  
  154  7:55  Baneling  
  154  7:56  Baneling x4  
  150  7:58  Zergling x2  
  150  7:59  Zergling x6  
  150  8:00  Baneling x8  
  150  8:01  Zergling x2  
  150  8:04  Zerg Ground Armor Level 2, Zerg Melee Weapons Level 2  
  150  8:05  Hive  
  152  8:06  Zergling x2  
  152  8:07  Baneling x5  
  152  8:12  Zergling x12  
  157  8:14  Baneling x3  
  157  8:15  Zergling x2  
  158  8:22  Zergling x8  
  158  8:24  Zergling x10  
  158  8:26  Baneling  
  158  8:27  Baneling x4  
  143  8:36  Zergling x32  
  143  8:40  Zergling x2  
  160  8:42  Baneling x5  
  160  8:46  Zergling x6  
  161  8:53  Zergling x12  
  152  8:57  Zergling x10  
  151  9:06  Zergling x22  
  151  9:09  Zergling x4  
  150  9:11  Baneling x8  
  150  9:13  Zergling x4  
  150  9:15  Zergling x2  
  142  9:19  Zergling x4  
  142  9:23  Zergling x6  
  144  9:26  Zergling x8  
  144  9:28  Ultralisk Cavern  
  144  9:29  Zergling x2  
  144  9:30  Zergling x6  
  146  9:31  Zergling x4  
  146  9:35  Zergling x4  
  141  9:39  Zergling x16  
  141  9:43  Zergling x2  
  145  9:46  Drone  
  145  9:48  Pneumatized Carapace  
  145  9:55  Drone x5  
  145  9:58  Zergling x6  
  145  9:59  Baneling x6  
  153  10:00  Overseer x2  
  153  10:05  Baneling x7  
  153  10:07  Zergling x20  
  153  10:09  Baneling x2  
  153  10:10  Zergling x2  
  153  10:11  Baneling x2  
  161  10:15  Zergling x8  
  161  10:19  Zergling x4  
  161  10:20  Baneling x3  
  161  10:21  Zergling x2  
  148  10:24  Zergling x14  
  148  10:28  Baneling x4  
  155  10:31  Zergling x14  
  162  10:36  Spore Crawler  
  162  10:37  Overseer  
  158  10:44  Zergling x4  
  158  10:45  Zergling x18  
  153  10:50  Zergling x6  
  153  10:53  Zergling x10  
  153  10:56  Zergling x8  
  148  11:00  Zergling x14  
  148  11:03  Zergling x2  
  142  11:05  Zergling x2  
  142  11:06  Zergling x2  
  126  11:11  Zergling x6  
  126  11:12  Baneling x10  
  126  11:14  Zergling x2  
  126  11:17  Zergling x4  
  125  11:20  Zergling x8  
  125  11:21  Zergling x4  
  125  11:23  Chitinous Plating  
  121  11:27  Ultralisk  
  121  11:30  Zergling x16  
  135  11:33  Zergling x2, Extractor  
  135  11:34  Baneling  
  135  11:35  Baneling  
  135  11:36  Zergling x2  
  135  11:41  Zergling x10  
  135  11:46  Zergling x2  
  132  11:48  Zergling x2  
  132  11:49  Zergling x6  
  132  11:50  Baneling x2  
  132  11:54  Zergling x8  
  132  11:55  Queen x2, Baneling x5  
  132  11:56  Zergling x6  
  140  12:02  Zergling x10  
  140  12:04  Zergling x2  
  140  12:05  Baneling x6  
  142  12:09  Zergling x14  
  142  12:13  Baneling x4  
  142  12:15  Zergling x4  
  141  12:24  Zergling x14  
  148  12:33  Zergling x10  
  148  12:34  Zergling x2  
  154  12:39  Hatchery  
  154  12:40  Zergling x2  
  140  12:45  Zergling x8  
  140  12:47  Zergling x2  
  143  12:52  Zergling x4  
  143  12:54  Zerg Ground Armor Level 3  
  143  12:55  Zergling x8  
  143  12:57  Zergling x2  
  148  13:00  Zergling x2  
  148  13:03  Zergling x6, Queen x2  
  137  13:09  Zergling x4  
  133  13:14  Zergling x6  
  133  13:16  Queen x2  
  133  13:19  Zergling x2  
  136  13:24  Zergling x10  
  136  13:25  Hatchery  
  136  13:26  Baneling x9  
  130  13:28  Zergling x2  
  130  13:35  Zergling x8  
  130  13:36  Baneling x3  
  130  13:41  Zergling x4  
  134  13:46  Zergling x6  
  136  13:49  Zergling x4  
  136  13:50  Baneling  
  136  13:57  Zergling x10  
  131  14:05  Zergling x14  
  130  14:10  Zergling x2  
  130  14:11  Zergling x10  
  130  14:12  Baneling x4  
  130  14:16  Zergling x2  
  135  14:19  Zergling x10  
  128  14:28  Zergling x2  
  128  14:29  Zergling x8  
  125  14:32  Zergling x4  
  125  14:37  Zergling x4  
  124  14:39  Zergling x4  
  124  14:41  Baneling x3  
  125  14:46  Baneling  
  125  14:48  Zergling x16  
  132  14:53  Zergling x4  
  132  14:57  Zergling x2  
  132  14:58  Zergling x6  
  136  15:05  Ultralisk  
  136  15:15  Zergling x16  
  136  15:17  Zergling x4  
  136  15:19  Zergling x2  
  138  15:22  Zergling x2  
  138  15:23  Zergling x2  
  138  15:24  Zergling x4  
  138  15:27  Zergling x4  
  114  15:29  Zergling x2  
  114  15:31  Zergling x2  
  114  15:33  Zergling x4  
  114  15:35  Zergling x2  
  103  15:36  Baneling x6  
  103  15:37  Zergling x2  
  103  15:39  Zergling x4  
  103  15:42  Zergling x2  
  105  15:44  Zergling x6  
  105  15:47  Zergling x6  
  105  15:49  Zergling x4  
Tags
 
Add a new tag
Caveats
  • Supply blocks, unpowered buildings, or Contaminate may cause inaccurate times.
  • Supply counts are checked every 10 seconds.